 Dungeon Crawl Stone Soup version 0.25-a0-566-g062765be81 (webtiles) character file.

Game seed: 14706501227988059203, levelgen mode: deterministic

1973 Flugslaktarn the Cleaver (level 9, -1/81 HPs)
             Began as a Deep Dwarf Fighter on Feb 27, 2020.
             Was an Initiate of Makhleb.
             Slain by a vampire (7 damage)
             ... on level 7 of the Dungeon.
             The game lasted 00:02:37 (2569 turns).

Flugslaktarn the Cleaver (Deep Dwarf Fighter)       Turns: 2569, Time: 00:02:38

Health: -1/81      AC: 12    Str: 25    XL:     9   Next: 0%
Magic:  1/7        EV:  6    Int: 10    God:    Makhleb [......]
Gold:   275        SH: 10    Dex:  8    Spells: 8/8 levels left

rFire    . . .     SeeInvis .   f - +3 hand axe
rCold    . . .     Gourm    .   c - +0 kite shield
rNeg     + . .     Faith    .   l - +0 chain mail
rPois    .         Spirit   .   (no helmet)
rElec    .         Reflect  .   B - +0 cloak
rCorr    .         Harm     .   (no gloves)
MR       +....                  b - +0 pair of boots "Awischuky" {rN+ Str+3 Dex-4 Stlth+}
Stlth    ..........             (no amulet)
HPRegen  0.00/turn              (no ring)
MPRegen  0.10/turn              (no ring)

@: mighty, non-regenerating
A: damage resistance, heal wounds, sense surroundings 2, no regeneration
a: Heal Wounds, Renounce Religion


You were on level 7 of the Dungeon.
You worshipped Makhleb.
Makhleb was noncommittal.
You were not hungry.

You visited 2 branches of the dungeon, and saw 8 of its levels.

You collected 275 gold pieces.

Inventory:

Hand Weapons
 a - a +0 war axe
 f - a +3 hand axe (weapon)
   (You took it off a wight on level 6 of the Dungeon)
Armour
 b - the +0 pair of boots "Awischuky" (worn) {rN+ Str+3 Dex-4 Stlth+}
   (You acquired it on level 6 of the Dungeon)

   It affects your strength (+3).
   It affects your dexterity (-4).
   It protects you from negative energy.
   It makes you more stealthy.
   If you remove this armour, your AC will decrease by 1 (12 -> 11).
 c - a +0 kite shield (worn)
 l - a +0 chain mail (worn)
   (You found it on level 2 of the Dungeon)
 B - a +0 cloak (worn)
   (You found it on level 6 of the Dungeon)
Jewellery
 g - a +4 ring of dexterity {unknown}
   (You found it on level 4 of the Dungeon)
Wands
 t - a wand of iceblast (4)
   (You found it on level 4 of the Dungeon)
Scrolls
 h - a scroll of remove curse
 m - a scroll of fog
 r - a scroll of identify
 z - a scroll of blinking
Potions
 d - a potion of might
 i - a potion of flight {unknown}
 j - a potion of curing {unknown}
 q - a potion of resistance {unknown}
 s - 2 potions of lignification {unknown}
 w - 2 potions of heal wounds
 x - a potion of degeneration {unknown}
 A - a potion of brilliance {unknown}
Comestibles
 e - 12 rations


   Skills:
 + Level 5.4 Fighting
 * Level 8.4 Axes
 + Level 6.5 Armour
 + Level 6.5 Shields
 + Level 1.3 Invocations


You had 8 spell levels left.
You didn't know any spells.
Your spell library was empty.

Dungeon Overview and Level Annotations

Branches:
Dungeon (7/15)             Temple (1/1) D:6

Altars:
Ashenzari
Cheibriados
Dithmenos
Elyvilon
Fedhas
Gozag
Hepliaklqana
Kikubaaqudgha
Makhleb
Nemelex Xobeh
Okawaru
Qazlal
Sif Muna
Trog
Uskayaw
Vehumet
Wu Jian
Xom
Yredelemnul
Zin


Innate Abilities, Weirdness & Mutations

You are resistant to damage.
You can heal yourself by infusing magical energy.
You passively map the area around you.
You do not regenerate.


Message History

Something bites you but does no damage.
You miss something.
A vampire appears from thin air!
Reactivating autopickup.
The vampire barely misses you. The vampire bites you.
* * * LOW HITPOINT WARNING * * *
The vampire draws strength from your injuries!
The vampire casts a spell.
The vampire flickers and vanishes!
Deactivating autopickup; reactivate with Ctrl-A.
You're too confused!
Your shield and chain mail prevent you from hitting something.
Unholy energy fills the air.
* * * LOW HITPOINT WARNING * * *
You closely miss something.
You feel less confused. Something hits you but does no damage.
Something bites you.
* * * LOW HITPOINT WARNING * * *
Something draws strength from your injuries!
You hit something but do no damage. Something hits you!
You die...

,, ,,, , ,,, *
,....... * * ,, *
....... *
#.........# ,, *
#.........# * ***
.........# **,
##...##...## , *
##..........#* * *
,, #.@..........*
#..#####{...........
#..........<.......
########..........#
##...##...## #####*
###


There were no monsters in sight!

Vanquished Creatures
  A hippogriff (D:7)
  Sigmund (D:6)
  Eustachio (D:4)
  An ice beast (D:5)
  An eye of draining (D:7)
  A water moccasin skeleton (D:4)
  2 scorpions
  10 wights (D:6)
  2 howler monkeys
  A crimson imp (D:5)
  2 hounds (D:4)
  6 orc priests
  A centaur skeleton (D:6)
  Natasha (twice) (D:2)
  3 worker ants
  3 orc wizards
  A worker ant zombie (D:6)
  6 adders
  3 gnolls (D:6)
  A shadow imp (D:5)
  2 adder skeletons (D:5)
  5 worms (D:2)
  2 dart slugs (D:2)
  3 leopard geckos
  18 orcs
  4 giant cockroaches
  4 goblins
  2 hobgoblins
  8 jackals
  7 kobolds
  2 bats
  2 frilled lizards
  A jackal skeleton (D:6)
  A quokka skeleton (D:4)
  4 rats
114 creatures vanquished.

Notes
Turn   | Place    | Note
-------+----------+-------------------------------------------
     0 | D:1      | Flugslaktarn the Deep Dwarf Fighter began the quest for the
                  | Orb.
     0 | D:1      | Reached XP level 1. HP: 20/20 MP: 1/1
   118 | D:2      | Reached XP level 2. HP: 18/27 MP: 2/2
   135 | D:2      | Noticed Natasha
   143 | D:2      | Noticed a crimson imp
   151 | D:2      | Killed Natasha
   151 | D:2      | Reached skill level 3 in Axes
   151 | D:2      | Reached XP level 3. HP: 34/34 MP: 2/2
   323 | D:2      | Reached XP level 4. HP: 35/42 MP: 3/3
   410 | D:2      | Noticed Natasha
   418 | D:2      | Killed Natasha
   471 | D:4      | Reached skill level 4 in Axes
   471 | D:4      | Reached XP level 5. HP: 30/49 MP: 4/4
   558 | D:4      | Reached XP level 6. HP: 24/56 MP: 5/5
   588 | D:4      | Reached skill level 5 in Axes
   874 | D:4      | Noticed Eustachio
   892 | D:4      | Killed Eustachio
   892 | D:4      | Reached XP level 7. HP: 52/64 MP: 5/5
   951 | D:5      | Entered Level 5 of the Dungeon
   993 | D:5      | Reached skill level 5 in Shields
  1020 | D:5      | Reached skill level 5 in Armour
  1065 | D:5      | Reached skill level 6 in Axes
  1113 | D:5      | Found a shattered altar of Ashenzari.
  1488 | D:6      | HP: 1/66 [wight/+1 halberd (5)]
  1498 | D:6      | Reached XP level 8. HP: 46/73 MP: 6/6
  1504 | D:6      | Reached skill level 7 in Axes
  1908 | D:6      | Found a hazy altar of Hepliaklqana.
  2017 | D:6      | Reached skill level 5 in Fighting
  2080 | D:6      | Noticed Sigmund
  2092 | D:6      | Killed Sigmund
  2092 | D:6      | Reached skill level 8 in Axes
  2163 | D:6      | Found a staircase to the Ecumenical Temple.
  2346 | Temple   | Entered the Ecumenical Temple
  2450 | Temple   | Became a worshipper of Makhleb the Destroyer
  2495 | D:6      | Identified a scroll of acquirement
  2495 | D:6      | Identified the +0 pair of boots "Awischuky" {rN+ Str+3
                  | Dex-4 Stlth+} (You acquired it on level 6 of the Dungeon)
  2521 | D:7      | Noticed a hippogriff
  2535 | D:7      | Killed a hippogriff
  2535 | D:7      | Reached skill level 1 in Invocations
  2562 | D:7      | Gained mutation: You passively map the area around you.
                  | [Deep Dwarf growth]
  2562 | D:7      | Reached XP level 9. HP: 18/81 MP: 0/7
  2569 | D:7      | Slain by a vampire

Levels and vault maps discovered:
D:1:      tarquinn_simple_flora_water_d, layout_rooms, corner_web_ring
D:2:      minmay_wonky_spiral, layout_rooms, uniq_natasha, uniq_terence
D:3:      layout_basic, moated_statue
D:4:      layout_rooms, uniq_eustachio
D:5:      layout_rooms, first_ration, chequers_mini_garden, ashenzari_altar_1
D:6:      layout_gridville, kennysheep_mini,
          minmay_temple_entry_enclosed_plants, uniq_sigmund
D:7:      layout_rooms, uniq_harold
Temple:   kilobyte_greek_temple

Skill      XL: |  1  2  3  4  5  6  7  8 |
---------------+-------------------------+-----
Fighting       | 3 4 5 |  5.4
Axes           | 3 4 5 6 8 |  8.4
Armour         | 4 5 6 |  6.5
Shields        | 4 5 6 |  6.5
Invocations    | 1 |  1.3

Action                   |  1- 3 |  4- 6 |  7- 9 || total
-------------------------+-------+-------+-------++-------
Melee: War axe           |    70 |   136 |   154 ||   360
       Hand axe          |       |       |    38 ||    38
 Abil: Heal Wounds       |     3 |     3 |     7 ||    13
  Use: Scroll            |       |       |    11 ||    11
       Potion            |       |       |     1 ||     1
  Eat: Chunk             |       |     1 |     4 ||     5
       Ration            |       |       |     1 ||     1
Armor: Scale mail        |    22 |    84 |    60 ||   166
       Chain mail        |       |       |    63 ||    63
Dodge: Dodged            |    30 |    49 |    59 ||   138
Block: Kite shield       |    47 |    77 |   133 ||   257

Table legend:
 A = Non-vault XP
 B = Vault XP
 C = Vault XP percentage of total XP
 D = Non-vault monster count
 E = Vault monster count
 F = Vault count percentage of total count
                 A         B        C        D         E       F
            +---------+---------+-------+---------+---------+-------
      Total |    2385 |     434 |  15.4 |     108 |       6 |   5.3
            +---------+---------+-------+---------+---------+-------
        D:1 |      10 |       0 |   0.0 |       7 |       0 |   0.0
        D:2 |     111 |      40 |  26.5 |      24 |       4 |  14.3
        D:3 |       3 |       0 |   0.0 |       2 |       0 |   0.0
        D:4 |     462 |     182 |  28.3 |      27 |       1 |   3.6
        D:5 |     499 |       0 |   0.0 |      23 |       0 |   0.0
        D:6 |     925 |     212 |  18.6 |      23 |       1 |   4.2
        D:7 |     375 |       0 |   0.0 |       2 |       0 |   0.0
            +---------+---------+-------+---------+---------+-------
